 Dungeon Crawl Stone Soup version 0.27.1 (webtiles) character file.

Game seed: 6064037254736090341

54 Brecoman the Insei (level 3, 0/28 HPs)
             Began as a Gnoll Transmuter on Aug 30, 2021.
             Splashed by Ijyb's acid (8 damage)
             ... on level 2 of the Dungeon.
             The game lasted 00:04:56 (2091 turns).

Brecoman the Insei (Gnoll Transmuter)               Turns: 2091, Time: 00:05:01

Health: 0/28       AC:  2    Str: 10    XL:     3   Next: 91%
Magic:  9/9        EV: 12    Int: 12    God:
Gold:   82         SH:  0    Dex: 12    Spells: 9/12 levels left

rFire    + . .     SeeInvis .   l - +2 dagger (drain)
rCold    . . .     Faith    .   (no shield)
rNeg     . . .     Spirit   .   g - +3 leather armour
rPois    .         Reflect  .   (helmet currently unavailable)
rElec    .         Harm     .   (no cloak)
rCorr    .         Rampage  .   (no gloves)
Will     .....                  (boots currently unavailable)
Stlth    +.........             (no amulet)
HPRegen  0.09/turn              f - ring of protection from fire
MPRegen  0.11/turn              (no ring)

@: appendages (expiring), corroded
A: horns 2, talons 2, fangs 1, strong nose, distributed training
a: End Transformation


You were on level 2 of the Dungeon.
You had temporarily grown beastly horns and talons.
You visited 1 branch of the dungeon, and saw 2 of its levels.

You collected 82 gold pieces.

Inventory:

Hand Weapons
 b - a +0 dagger
 l - a +2 dagger of draining (weapon)
Missiles
 e - 32 stones
Armour
 a - a +0 robe
 c - a +0 pair of boots (melded)
 g - a +3 leather armour (worn)
Jewellery
 f - a ring of protection from fire (left hand)
Wands
 k - a wand of iceblast (5)
Scrolls
 h - a scroll of identify {unknown}
 i - a scroll of blinking {unknown}
Potions
 d - 2 potions of flight {unknown}
 j - a potion of heal wounds {unknown}


   Skills:
 + Level 2.6 Fighting
 + Level 1.0 Short Blades
 + Level 1.0 Long Blades
 + Level 1.0 Axes
 + Level 1.0 Maces & Flails
 + Level 1.0 Polearms
 + Level 1.0 Staves
 + Level 1.0 Slings
 + Level 1.0 Bows
 + Level 1.0 Crossbows
 + Level 1.0 Throwing
 + Level 1.0 Armour
 + Level 4.6 Dodging
 + Level 1.0 Stealth
 + Level 1.0 Shields
 + Level 6.5 Unarmed Combat
 + Level 5.0 Spellcasting
 + Level 0.7 Conjurations
 + Level 0.7 Hexes
 + Level 0.7 Summonings
 + Level 0.7 Necromancy
 + Level 0.7 Translocations
 + Level 3.8 Transmutations
 + Level 0.7 Fire Magic
 + Level 0.7 Ice Magic
 + Level 0.7 Air Magic
 + Level 0.7 Earth Magic
 + Level 0.7 Poison Magic
 + Level 1.0 Invocations
 + Level 1.0 Evocations


You had 9 spell levels left.
You knew the following spells:

 Your Spells              Type           Power      Damage    Failure   Level
a - Beastly Appendage     Tmut           24%        N/A       6%          1
b - Wereblood             Tmut           12%        N/A       9%          2

Your spell library contained the following spells:

 Spells                   Type           Power      Damage    Failure   Level
 Spider Form              Tmut/Pois      4%         N/A       32%         3
 Ice Form                 Ice/Tmut       8%         N/A       71%         4
 Animate Dead             Necr           2%         N/A       90%         4
 Borgnjor's Vile Clutch   Necr/Erth      2%         N/A       99%         5
 Death Channel            Necr           2%         N/A       100%        6


Dungeon Overview and Level Annotations

Branches:
Dungeon (2/15)

Altars:

Annotations:
D:2 Ijyb


Innate Abilities, Weirdness & Mutations

You have temporarily grown beastly horns and talons.
You have very sharp teeth.
Your uncanny sense of smell can sniff out nearby items.
Your experience applies equally to all skills.


Message History

The goblin barely misses you.
You barely miss the goblin.
The goblin shouts!
The goblin barely misses you.
A goblin comes into view. It is wielding a +0 dagger. x2
The goblin shouts! x2
You hit the goblin. You drain the goblin.
You kill the goblin!
A goblin comes into view. It is wielding a +0 club. x2
Ijyb the Twisted Goblin comes into view.
She is wielding a +0 club and carrying a wand of acid (1).
Ijyb shouts!
Things that are here:
a +0 club; a goblin corpse You hit the goblin.
You drain the goblin.
You kill the goblin!
You barely miss the goblin. Your kick misses the goblin.
Your bite misses the goblin. The goblin barely misses you.
You hit the goblin. You bite the goblin.
The goblin is severely wounded.
Your transformation is almost over.
The goblin hits you with a +0 dagger.
You hit the goblin.
You kill the goblin!
Ijyb screams, "No!
No, no, no, no!"
Ijyb closely misses you.
Things that are here:
a +0 dagger; a +0 club; a goblin corpse You hit Ijyb but do no damage.
You drain Ijyb.
Ijyb is lightly wounded.
Ijyb closely misses you.
You hit Ijyb. You drain Ijyb. You claw Ijyb, but do no damage.
Ijyb is moderately wounded.
Ijyb closely misses you.
You hit Ijyb but do no damage. You drain Ijyb. You claw Ijyb.
Ijyb is heavily wounded.
Ijyb zaps a wand.
The bolt of acid hits you!!
Ouch! That really hurt!
* * * LOW HITPOINT WARNING * * *
The acid corrodes you!
You are splashed with acid!
You die...

# #.#8ggg..8#
###.........#.##.#
####.#.......#
##.####...#.##.#
.....#8.....8#
#........#.##.#
######......g#
#######..#.##.#
#8..g..8#
#.....#.....
#.......# ###
#...........
#......)###.#
#.....####.#
#........gg.#
#...........
###.#######@#
#####..###.# # #.#
#####..#.... #.#
#......#.#.. ∆
#.#####.####.#.#..
#.......# #.#.#..
#.....### #...#.#
##.......# ##.....
####......#.#
#..#.#
#.........#.#
##.#.#


You could see Ijyb (drained) and a goblin.

Vanquished Creatures
  A worm (D:2)
  2 dart slugs (D:1)
  3 bats (D:1)
  5 endoplasms
  2 giant cockroaches
  9 goblins
  6 hobgoblins
  2 quokkas (D:1)
  A ball python (D:1)
  2 frilled lizards (D:1)
  4 kobolds
  6 rats
43 creatures vanquished.

Notes
Turn   | Place    | Note
-------+----------+-------------------------------------------
     0 | D:1      | Brecoman the Gnoll Transmuter began the quest for the Orb.
     0 | D:1      | Reached XP level 1. HP: 17/17 MP: 6/6
   181 | D:1      | Reached XP level 2. HP: 18/23 MP: 7/7
   777 | D:1      | Reached skill level 5 in Spellcasting
   777 | D:1      | Reached XP level 3. HP: 28/28 MP: 6/9
   909 | D:1      | Found a faded altar of an unknown god.
  1173 | D:1      | Reached skill level 1 in Invocations
  1459 | D:2      | Learned a level 2 spell: Wereblood
  2017 | D:2      | Reached skill level 1 in Short Blades
  2017 | D:2      | Reached skill level 1 in Long Blades
  2017 | D:2      | Reached skill level 1 in Axes
  2017 | D:2      | Reached skill level 1 in Maces & Flails
  2017 | D:2      | Reached skill level 1 in Polearms
  2017 | D:2      | Reached skill level 1 in Staves
  2017 | D:2      | Reached skill level 1 in Slings
  2017 | D:2      | Reached skill level 1 in Bows
  2017 | D:2      | Reached skill level 1 in Crossbows
  2017 | D:2      | Reached skill level 1 in Throwing
  2017 | D:2      | Reached skill level 1 in Armour
  2017 | D:2      | Reached skill level 1 in Stealth
  2017 | D:2      | Reached skill level 1 in Shields
  2017 | D:2      | Reached skill level 1 in Evocations
  2076 | D:2      | Noticed Ijyb
  2091 | D:2      | Splashed by Ijyb's acid

Illustrated notes

Levels and vault maps discovered:
D:1:      dpeg_arrival_round_b, layout_loops_ring,
          shapermc_ecumenical_altar_starsandcircs, minmay_pentomino_o4
D:2:      kennysheep_the_goblin_king, layout_basic

Skill      XL: |  1  2  3 |
---------------+----------+-----
Spellcasting   | 5 |  5.0
Invocations    | 1 |  1.0
Short Blades   | 1 |  1.0
Long Blades    | 1 |  1.0
Axes           | 1 |  1.0
Maces & Flails | 1 |  1.0
Polearms       | 1 |  1.0
Staves         | 1 |  1.0
Slings         | 1 |  1.0
Bows           | 1 |  1.0
Crossbows      | 1 |  1.0
Throwing       | 1 |  1.0
Armour         | 1 |  1.0
Stealth        | 1 |  1.0
Shields        | 1 |  1.0
Evocations     | 1 |  1.0
Fighting       | |  2.6
Dodging        | |  4.6
Unarmed Combat | |  6.5
Conjurations   | |  0.7
Hexes          | |  0.7
Summonings     | |  0.7
Necromancy     | |  0.7
Translocations | |  0.7
Transmutations | |  3.8
Fire Magic     | |  0.7
Ice Magic      | |  0.7
Air Magic      | |  0.7
Earth Magic    | |  0.7
Poison Magic   | |  0.7

Action                   || total
-------------------------++-------
Melee: Dagger            ||   119
       Kick              ||    27
       Headbutt          ||    16
       Bite              ||    10
       Unarmed           ||     3
       Punch             ||     5
 Cast: Beastly Appendage ||    26
 Stab: Sleeping          ||     1
Armor: Robe              ||    17
       Leather armour    ||    17
Dodge: Dodged            ||    69
